 Dungeon Crawl Stone Soup version 0.29.0-11-gd7f09526c8 (webtiles) character file.

Game seed: 7839632980419590945

515 Pooter the Chopper (level 7, -8/61 HPs)
             Began as a Minotaur Monk on Sept 6, 2022.
             Mangled by a gnoll sergeant
             ... wielding a +2 vorpal spear
              (10 damage)
             ... on level 4 of the Dungeon.
             The game lasted 00:19:57 (3686 turns).

Pooter the Chopper (Minotaur Monk)                  Turns: 3686, Time: 00:19:58

Health: -8/61      AC:  8    Str: 18    XL:     7   Next: 0%
Magic:  6/6        EV:  3    Int:  7    God:
Gold:   206        SH: 10    Dex: 12    Spells: 6/6 levels left

rFire   . . .      SeeInvis .   a - +1 broad axe
rCold   . . .      Faith    .   r - +0 tower shield
rNeg    . . .      Spirit   .   n - +0 chain mail
rPois   .          Reflect  .   (helmet restricted)
rElec   .          Harm     .   (no cloak)
rCorr   .          Rampage  .   (no gloves)
Will    .....                   (no boots)
Stlth   ..........              (no amulet)
HPRegen 0.20/turn               (no ring)
MPRegen 0.10/turn               (no ring)

@: no status effects
A: horns 2, retaliatory headbutt
a: no special abilities


You were on level 4 of the Dungeon.
You visited 1 branch of the dungeon, and saw 4 of its levels.

You collected 206 gold pieces.

Inventory:

Hand Weapons
 a - a +1 broad axe (weapon)
   (You found it on level 2 of the Dungeon)
 b - a +0 sling
   (You found it on level 1 of the Dungeon)
 l - a +0 trident
   (You took it off an orc on level 2 of the Dungeon)
Missiles
 Q - 22 stones (quivered)
Armour
 n - a +0 chain mail (worn)
   (You took it off an orc on level 2 of the Dungeon)
 r - a +0 tower shield (worn)
   (You found it on level 3 of the Dungeon)
Jewellery
 m - a ring of magical power
   (You found it on level 2 of the Dungeon)
Wands
 f - a wand of flame (10)
   (You found it on level 3 of the Dungeon)
Scrolls
 d - a scroll of vulnerability {unknown}
 h - a scroll of poison {unknown}
 i - a scroll of magic mapping {unknown}
 j - a scroll of torment {!r}
 k - a scroll of silence
 p - a scroll of amnesia {unknown}
 s - 2 scrolls of teleportation {unknown}
 u - a scroll of enchant armour {unknown}
 v - a scroll of summoning {unknown}
Potions
 c - a potion of ambrosia
 e - a potion of haste {unknown}
 g - a potion of resistance {unknown}
 o - a potion of attraction {unknown}


   Skills:
 + Level 5.4 Fighting
 * Level 5.8 Axes
 * Level 3.6 Ranged Weapons
 - Level 3.2 Dodging
 - Level 3.2 Stealth
 + Level 1.1 Shields
 + Level 1.4 Evocations


You had 6 spell levels left.
You didn't know any spells.
Your spell library contained the following spells:

 Spells                   Type           Power      Damage    Failure   Level
 Beastly Appendage        Tmut           0%         N/A       100%        1
 Static Discharge         Conj/Air       0%         3-3/arc   100%        2
 Wereblood                Tmut           0%         N/A       100%        2
 Spider Form              Tmut/Pois      0%         N/A       100%        3
 Dispel Undead            Necr           0%         3d6       100%        4
 Sticky Flame             Conj/Fire      0%         2d3       100%        4


Dungeon Overview and Level Annotations

Branches:
Dungeon (4/15)
 Temple: D:4-7

Altars:
Ashenzari
Uskayaw

Shops:
D:1 [   D:2 =

Annotations:
D:4 Ijyb


Innate Abilities, Weirdness & Mutations

You have a pair of horns on your head.
You reflexively headbutt those who attack you in melee.


Message History

The gnoll hits you but does no damage.
A gnoll sergeant comes into view. It is wielding a +2 vorpal spear.
Ijyb zaps a wand.
The bolt of dispelling energy hits you!
* * * LOW HITPOINT WARNING * * *
The gnoll hits you but does no damage.
The goblin shouts!
You hit Ijyb but do no damage. You closely miss the gnoll.
The gnoll hits you with a +0 club.
* * * LOW HITPOINT WARNING * * *
You block the gnoll's attack. Ijyb hits you with a +0 dagger.
* * * LOW HITPOINT WARNING * * *
The gnoll hits you but does no damage.
The gnoll hits you from afar with a +0 spear.
* * * LOW HITPOINT WARNING * * *
Ijyb zaps a wand.
The bolt of dispelling energy hits you.
* * * LOW HITPOINT WARNING * * *
You feel better. The gnoll hits you but does no damage.
The gnoll hits you from afar with a +0 spear.
* * * LOW HITPOINT WARNING * * *
Ijyb barely misses you.
You hit Ijyb but do no damage. You hit the gnoll.
The gnoll hits you but does no damage. You block the gnoll's attack.
Ijyb barely misses you. You furiously retaliate!
You headbutt Ijyb.
You feel better.
You block the gnoll's attack. x2; Ijyb barely misses you.
You furiously retaliate!
You headbutt Ijyb, but do no damage. You closely miss Ijyb. You headbutt Ijyb.
You slash the gnoll!
You kill the gnoll!
You hit the gnoll. The gnoll barely misses you.
The gnoll completely misses you. You block Ijyb's attack.
The gnoll sergeant hits you from afar with a +2 vorpal spear.
* * * LOW HITPOINT WARNING * * *
* * * LOW HITPOINT WARNING * * *
You block the gnoll's attack.
Ijyb zaps a wand.
The bolt of dispelling energy hits you!
* * * LOW HITPOINT WARNING * * *
The gnoll hits you but does no damage.
You have reached level 7!
You hit Ijyb but do no damage. Your headbutt misses Ijyb.
You barely miss the goblin. You slash the gnoll!
You kill the gnoll!
The goblin hits you but does no damage.
The gnoll hits you from afar with a +0 spear.
* * * LOW HITPOINT WARNING * * *
Ijyb hits you but does no damage. You block the gnoll sergeant's attack.
You block Ijyb's attack.
The gnoll sergeant hits you from afar with a +2 vorpal spear!
You die...

#.# . ##. # #.. ## #.#
.# #.# .. ## #.# #._.
#####.### ####.....
).......########@)......
####...........gg#g?..8.
###.......######)g..8...
..........# #.#......
.##.......# #.#.8....
รท###.....## #.# .....
.# #.....# #.. .8... .#
#.###.# #[. ..8 .. ..#
#.# ..


You could see a gnoll sergeant, Ijyb, a gnoll and a goblin.

Vanquished Creatures
  Sigmund (D:3)
  A scorpion (D:4)
  A hound (D:4)
  2 orc wizards (D:2)
  7 gnolls
  5 adders
  2 dart slugs (D:1)
  3 worms
  10 orcs
  5 endoplasms
  4 giant cockroaches
  6 goblins
  2 hobgoblins
  6 jackals
  9 kobolds
  7 quokkas
  7 ball pythons
  7 bats
  3 frilled lizards
  5 rats
93 creatures vanquished.

Notes
Turn   | Place    | Note
-------+----------+-------------------------------------------
     0 | D:1      | Pooter the Minotaur Monk began the quest for the Orb.
     0 | D:1      | Reached XP level 1. HP: 19/19 MP: 0/0
   301 | D:1      | Reached XP level 2. HP: 25/27 MP: 1/1
   509 | D:1      | Found a faded altar of an unknown god.
   874 | D:1      | Found Cetugren's Antique Armour Shoppe.
  1098 | D:1      | Reached XP level 3. HP: 25/33 MP: 2/2
  1297 | D:2      | Found a broken altar of Ashenzari.
  1547 | D:2      | Found Ujaqem's Jewellery Emporium.
  1556 | D:2      | Reached skill level 1 in Ranged Weapons
  1616 | D:2      | Reached XP level 4. HP: 41/41 MP: 3/3
  2223 | D:3      | Noticed Sigmund
  2228 | D:3      | Killed Sigmund
  2229 | D:3      | Reached skill level 5 in Fighting
  2229 | D:3      | Reached skill level 5 in Axes
  2229 | D:3      | Reached skill level 1 in Evocations
  2229 | D:3      | Reached XP level 5. HP: 33/48 MP: 4/4
  2229 | D:3      | Reached XP level 6. HP: 39/56 MP: 5/5
  3448 | D:4      | Reached skill level 1 in Shields
  3670 | D:4      | Found a hide-covered altar of Uskayaw.
  3675 | D:4      | Noticed Ijyb
  3686 | D:4      | Reached XP level 7. HP: 3/61 MP: 6/6
  3686 | D:4      | HP: 2/61 [gnoll/+0 spear[a gnoll sergeant] (1)]
  3686 | D:4      | Mangled by a gnoll sergeant

Illustrated notes

Levels and vault maps discovered:
D:1:      saegor_arrival_miasma, layout_basic,
          hellmonk_ecumenical_altar_run_dry, serial_shops,
          nicolae_shop_behind_doors, minmay_3d_cube
D:2:      layout_loops_ring, serial_shops, nicolae_square_shop, basic_altar
D:3:      layout_basic, minmay_starry_boxes, uniq_sigmund
D:4:      layout_loops_ring, nicolae_uskayaw_dance_hall,
          minmay_temple_entry_crystal_x, uniq_edmund, uniq_ijyb

Skill      XL: |  1  2  3  4  5  6 |
---------------+-------------------+-----
Stealth        | 2 3 |  3.2
Fighting       | 4 5 |  5.4
Axes           | 4 5 |  5.8
Ranged Weapons | 1 2 3 |  3.6
Evocations     | 1 |  1.4
Shields        | 1 |  1.1
Dodging        | |  3.2

Action                   |  1- 3 |  4- 6 |  7- 9 || total
-------------------------+-------+-------+-------++-------
Melee: Hand axe          |    74 |     4 |       ||    78
       Headbutt          |     7 |    12 |       ||    19
       Punch             |     1 |       |       ||     1
       Broad axe         |       |   100 |     1 ||   101
       Trident           |       |     3 |       ||     3
 Fire: Sling             |    14 |    22 |       ||    36
Throw: Stone             |     4 |     2 |       ||     6
Evoke: Wand              |     2 |     6 |       ||     8
  Use: Scroll            |       |     5 |       ||     5
       Potion            |       |     4 |       ||     4
 Stab: Sleeping          |     5 |       |       ||     5
Armor: Robe              |     7 |       |       ||     7
       Scale mail        |     1 |     3 |       ||     4
       Chain mail        |       |    77 |     2 ||    79
Dodge: Dodged            |    40 |    39 |       ||    79
Block: Tower shield      |       |    41 |     2 ||    43
       Buckler           |       |     3 |       ||     3
